 Dungeon Crawl Stone Soup version 0.20.1-1-g8b1a95d (webtiles) character file.

37 keltmir the Changer (level 3, -1/28 HPs)
             Began as a Draconian Transmuter on Oct 29, 2017.
             Slain by a hobgoblin
             ... wielding a +0 club
              (2 damage)
             ... on level 2 of the Dungeon.
             The game lasted 00:03:51 (1213 turns).

keltmir the Changer (Draconian Transmuter)          Turns: 1213, Time: 00:03:51

Health: -1/28      AC:  6    Str: 12    XL:     3   Next: 23%
Magic:  6/6        EV: 12    Int: 14    God:
Gold:   99         SH:  0    Dex: 11    Spells: 5/6 levels left

rFire    . . .     SeeInvis .     - Unarmed
rCold    . . .     Gourm    .   (no shield)
rNeg     . . .     Faith    .   (armour unavailable)
rPois    .         Spirit   .   (helmet restricted)
rElec    .         Reflect  .   (no cloak)
rCorr    .         Harm     .   h - +0 pair of gloves
MR       .....                  (no boots)
Stlth    +.........             (no amulet)
Regen    0.1/turn               (no ring)
MPRegen  0.1/turn               (no ring)

@: lethally poisoned (-1 -> -6)
A: unfitting armour, cold-blooded, AC +5
a: no special abilities


You were on level 2 of the Dungeon.
You were not hungry.

You visited 1 branch of the dungeon, and saw 2 of its levels.

You collected 99 gold pieces.

Inventory:

Missiles
 a - 34 arrows
Armour
 h - a +0 pair of gloves (worn)
Jewellery
 m - a cursed -3 ring of evasion {unknown}
Scrolls
 d - 2 scrolls of enchant weapon {unknown}
 e - a scroll of remove curse {unknown}
 g - 2 scrolls of identify {unknown}
 n - a scroll of teleportation {unknown}
Potions
 f - a potion of curing {unknown}
 i - a potion of agility {unknown}
 k - a potion of mutation {unknown}
 l - a potion of resistance {unknown}
Books
 b - a book of Changes

   Spells                             Type                      Level
   a - Beastly Appendage              Transmutation                1
   b - Sticks to Snakes               Transmutation                2
   c - Spider Form                    Transmutation/Poison         3
   d - Ice Form                       Ice/Transmutation            4
   e - Blade Hands                    Transmutation                5
Comestibles
 c - 2 bread rations
 j - 3 fruits


   Skills:
 - Level 1.1 Fighting
 - Level 1.7 Dodging
 - Level 3.0 Unarmed Combat
 - Level 2.0 Spellcasting
 * Level 3.7 Transmutations


You had 5 spell levels left.
You knew the following spells:

 Your Spells              Type           Power        Failure   Level  Hunger
a - Beastly Appendage     Tmut           ##....       5%          1    ##.....


Dungeon Overview and Level Annotations

Branches:
Dungeon (2/15)

Altars:
Fedhas
Kikubaaqudgha


Innate Abilities, Weirdness & Mutations

Your plain brown scales are hard. (AC +5)
You cannot fit into any form of body armour.
You are cold-blooded and may be slowed by cold attacks.


Message History

You feel sick. The kobold hits you with a dagger.
* * * LOW HITPOINT WARNING * * *
* * * LOW HITPOINT WARNING * * *
You feel sick. The kobold hits you but does no damage.
Found an ancient bone altar of Kikubaaqudgha.
You see here an adder corpse.
The kobold barely misses you.
A hobgoblin comes into view. It is wielding a club.
* * * LOW HITPOINT WARNING * * *
You feel sick.
The hobgoblin shouts!
Your horns disappear.
* * * LOW HITPOINT WARNING * * *
You feel sick.
* * * LOW HITPOINT WARNING * * *
You feel sick.
Found a stone staircase leading up.
You see here a white potion.
The hobgoblin hits you with a club.
You die...

........# #.
###.......######
#.
<...............
#.
.#.######.######
#. .#. #.#
#####.#..
###.######
#.......#
#.........
#.......#
#.........
#.....@.#
#.........
#....g!.#
###.######
#.....K.########.#
#......##PPP#....#
#.###..P.P_.#.####
####P......PP#.#
#.........####.#
#P_..P.†###....#
#..P##......####


You could see a hobgoblin and a kobold.

Vanquished Creatures
  An adder (D:2)
  A dart slug (D:1)
  A leopard gecko (D:2)
  A giant cockroach (D:1)
  4 goblins
  3 hobgoblins (D:2)
  7 kobolds
  A quokka (D:2)
  2 bats
  A frilled lizard (D:2)
  3 rats
25 creatures vanquished.

Notes
Turn   | Place    | Note
-------+----------+-------------------------------------------
     0 | D:1      | keltmir the Draconian Transmuter began the quest for the Orb.
     0 | D:1      | Reached XP level 1. HP: 16/16 MP: 3/3
   249 | D:1      | Reached XP level 2. HP: 23/23 MP: 3/5
  1187 | D:2      | Found a blossoming altar of Fedhas.
  1189 | D:2      | Reached XP level 3. HP: 28/28 MP: 6/6
  1206 | D:2      | Found an ancient bone altar of Kikubaaqudgha.
  1212 | D:2      | HP: 1/28 [poisoned by an adder]
  1213 | D:2      | Slain by a hobgoblin

Skill      XL: |  1  2 |
---------------+-------+-----
Transmutations | 3 |  3.7
Fighting       | |  1.1
Dodging        | |  1.7
Unarmed Combat | |  3.0
Spellcasting   | |  2.0

Action                   || total
-------------------------++-------
Melee: Unarmed           ||    96
       Tailslap          ||     9
       Headbutt          ||     4
       Kick              ||     1
 Cast: Beastly Appendage ||     8
 Stab: Sleeping          ||     1
  Eat: Chunk             ||     1
Armor: Skin              ||    21
Dodge: Dodged            ||    56
